 Dungeon Crawl Stone Soup version 0.25-a0-166-g16436c4407 (console) character file.

Game seed: 10463021067329748489, levelgen mode: deterministic

201 Kagalorn the Conjurer (level 5, 0/40 HPs)
             Began as a Centaur Conjurer on Nov 23, 2019.
             Killed by divine providence
             ... invoked by an orc priest
              (11 damage)
             ... on level 2 of the Dungeon.
             The game lasted 00:10:35 (3403 turns).

Kagalorn the Conjurer (Centaur Conjurer)            Turns: 3403, Time: 00:10:36

Health: 0/40       AC:  9    Str: 11    XL:     5   Next: 50%
Magic:  0/8        EV:  9    Int: 15    God:
Gold:   77         SH:  0    Dex:  9    Spells: 8/9 levels left

rFire    . . .     SeeInvis .   i - +0 trident
rCold    . . .     Gourm    .   (no shield)
rNeg     . . .     Faith    .   a - +0 robe
rPois    .         Spirit   .   l - +0 helmet
rElec    .         Reflect  .   p - +2 cloak {+Inv}
rCorr    .         Harm     .   e - +0 pair of gloves
MR       .....                  (no barding)
Stlth    +.........             (no amulet)
HPRegen  0.13/turn              (no ring)
MPRegen  0.11/turn              (no ring)

@: very quick
A: large, hooves 3, deformed body, speed 2, tough skin 3
a: Evoke Invisibility


You were on level 2 of the Dungeon.
You were hungry.

You visited 1 branch of the dungeon, and saw 3 of its levels.

You collected 77 gold pieces.

Inventory:

Hand Weapons
 f - a +0 hand axe
 i - a +0 trident (weapon)
Missiles
 g - 34 arrows
 k - 50 poisoned darts (quivered)
 m - 57 bolts
Armour
 a - a +0 robe (worn)
 e - a +0 pair of gloves (worn)
 l - a +0 helmet (worn)
 p - a +2 cloak of invisibility (worn)
Wands
 n - a wand of enslavement (13)
 t - a wand of paralysis (6)
Scrolls
 h - 2 scrolls of noise {unknown}
 o - 3 scrolls of identify {unknown}
 q - a scroll of enchant armour {unknown}
 r - a scroll of fear {unknown}
Potions
 b - 3 potions of berserk rage {unknown}
 d - 2 potions of heal wounds {unknown}
 j - 2 potions of degeneration {unknown}
 u - 2 potions of resistance {unknown}
Comestibles
 c - 5 rations


   Skills:
 * Level 1.6 Fighting
 - Level 1.3 Dodging
 - Level 1.1 Stealth
 * Level 2.5 Spellcasting
 * Level 5.3 Conjurations


You had 8 spell levels left.
You knew the following spells:

 Your Spells              Type           Power        Failure   Level  Hunger
a - Magic Dart            Conj           ###.         2%          1    #......

Your spell library contained the following spells:

 Spells                   Type           Power        Failure   Level  Hunger
 Searing Ray              Conj           ###...       3%          2    ###....
 Dazzling Spray           Conj/Hex       ##....       21%         3    ###....
 Iskenderun's Mystic Bla  Conj           ###.....     22%         4    #####..
 Force Lance              Conj/Tloc      ##......     56%         4    #####..
 Fulminant Prism          Conj/Hex       ##........   56%         4    #####..


Dungeon Overview and Level Annotations

Branches:
Dungeon (3/15)

Altars:
Ashenzari
Uskayaw


Innate Abilities, Weirdness & Mutations

You have hooves in place of feet.
Armour fits poorly on your strangely shaped body.
You cover ground very quickly.
You have extremely tough skin. (AC +3)


Message History

The magic dart hits the orc priest but does no damage.
The orc priest is heavily wounded.
The orc priest hits you with a +0 hand axe!
You completely miss the orc priest.
The orc priest is heavily wounded.
The orc priest barely misses you.
You barely miss the orc priest.
The orc priest is heavily wounded.
The orc priest hits you with a +0 hand axe.
* * * LOW HITPOINT WARNING * * *
You barely miss the orc priest.
The orc priest is heavily wounded.
The orc priest hits you but does no damage.
You hit the orc priest but do no damage.
Your kick misses the orc priest.
The orc priest is heavily wounded.
The orc priest hits you but does no damage.
The orc priest calls down the wrath of Beogh upon you.
Beogh smites you!
You die...

#.##...(..#####.###.# #.#....#..#
.........## #.###.###.........#
#.##.....# #.........#.#.###.#
#.####).## #####.#####.......#
#.####..# #.# ###.#####
#.......## #.# #.# ####.....##
####.# #.#### ##.......## ##.##.#
#.##.##
##.........####.@o..#######.#...#
.'.......).'...[.................
##.........##.......(.#####.#...#
###.......###.##..###.# #.##.## #
##.....## #.###.# #.# #.#### #
##...## #.# #.# #.# #.# # ##+##
#.###.###.# ##.## #.# #.........#
##...## #.## #####.#####
#.#...###


You could see an orc priest.

Vanquished Creatures
  Crazy Yiuf (D:2)
  Jessica (D:3)
  Terence (D:3)
  Robin (D:2)
  3 adders
  4 worms
  3 dart slugs
  2 leopard geckos (D:2)
  4 orcs
  5 giant cockroaches
  15 goblins
  7 hobgoblins
  4 jackals (D:3)
  2 kobolds (D:1)
  4 bats
  5 rats
62 creatures vanquished.

Notes
Turn   | Place    | Note
-------+----------+-------------------------------------------
     0 | D:1      | Kagalorn the Centaur Conjurer began the quest for the Orb.
     0 | D:1      | Reached XP level 1. HP: 14/14 MP: 3/3
   268 | D:1      | Reached XP level 2. HP: 15/20 MP: 0/4
   302 | D:1      | Reached skill level 4 in Conjurations
  1037 | D:2      | Noticed Robin
  1045 | D:2      | Reached XP level 3. HP: 18/27 MP: 5/5
  1080 | D:2      | Killed Robin
  1632 | D:2      | Reached skill level 1 in Fighting
  1669 | D:2      | Reached XP level 4. HP: 28/35 MP: 0/7
  1972 | D:2      | Found a runed translucent door.
  1973 | D:2      | Noticed Crazy Yiuf
  2077 | D:2      | Killed Crazy Yiuf
  2077 | D:2      | Reached skill level 5 in Conjurations
  2272 | D:3      | Found a hide-covered altar of Uskayaw.
  2272 | D:3      | Noticed a +0 dagger
  2272 | D:3      | Noticed a +0 dagger
  2442 | D:3      | Noticed Terence
  2457 | D:3      | Found a shattered altar of Ashenzari.
  2529 | D:3      | Killed Terence
  2529 | D:3      | Reached XP level 5. HP: 27/40 MP: 2/8
  2963 | D:3      | Noticed Jessica
  2966 | D:3      | Killed Jessica
  3403 | D:2      | Killed from afar by an orc priest

Levels and vault maps discovered:
D:1:      eino_arrival_tree_alley, layout_basic
D:2:      layout_loops_corners, uniq_robin, uniq_crazy_yiuf_cottage
D:3:      layout_rooms, dancing_weapons_uskayaw, nicolae_ashenzari_panopticon,
          uniq_jessica, uniq_terence

Skill      XL: |  1  2  3  4 |
---------------+-------------+-----
Conjurations   | 4 5 |  5.3
Fighting       | 1 |  1.6
Spellcasting   | 2 |  2.5
Dodging        | |  1.3
Stealth        | |  1.1

Action                   |  1- 3 |  4- 6 || total
-------------------------+-------+-------++-------
Melee: Unarmed           |    12 |       ||    12
       Kick              |    10 |     8 ||    18
       Hand axe          |    17 |       ||    17
       Trident           |    43 |    80 ||   123
 Cast: Magic Dart        |    51 |    91 ||   142
 Stab: Sleeping          |     2 |       ||     2
  Eat: Chunk             |     3 |     5 ||     8
Armor: Robe              |    34 |    30 ||    64
Dodge: Dodged            |    41 |    41 ||    82

Table legend:
 A = Non-vault XP
 B = Vault XP
 C = Vault XP percentage of total XP
 D = Non-vault monster count
 E = Vault monster count
 F = Vault count percentage of total count
                 A         B        C        D         E       F
            +---------+---------+-------+---------+---------+-------
      Total |     141 |     147 |  51.0 |      48 |      14 |  22.6
            +---------+---------+-------+---------+---------+-------
        D:1 |      30 |       0 |   0.0 |      18 |       0 |   0.0
        D:2 |      58 |      74 |  56.1 |      14 |      12 |  46.2
        D:3 |      53 |      73 |  57.9 |      16 |       2 |  11.1
            +---------+---------+-------+---------+---------+-------
